 Dungeon Crawl Stone Soup version 0.30-a0-50-gb2d611f6b1 (webtiles) character file.

Game seed: 8428457742788330681

4641 CannotBeFrozen the Cleaver (level 10, -3/141 HPs)
             Began as a Hill Orc Monk on Sept 4, 2022.
             Was a Believer of Makhleb.
             Slain by an orc warrior
             ... wielding a +0 glaive
              (9 damage)
             ... on level 8 of the Dungeon.
             The game lasted 00:28:53 (10441 turns).

CannotBeFrozen the Cleaver (Hill Orc Monk)         Turns: 10441, Time: 00:28:53

Health: -3/141     AC: 25    Str: 19    XL:     10   Next: 43%
Magic:  14/14      EV:  2    Int: 10    God:    Makhleb [**....]
Gold:   337        SH:  0    Dex: 13    Spells: 9/9 levels left

rFire   . . .      SeeInvis .    a - +2 executioner's axe (freeze)
rCold   . . .      Faith    .    (shield currently unavailable)
rNeg    . . .      Spirit   .    (body armour currently unavailable)
rPois   +          Reflect  .    (helmet currently unavailable)
rElec   .          Harm     .    (cloak currently unavailable)
rCorr   .          Rampage  .    (gloves currently unavailable)
Will    .....      NoTele   +    (boots currently unavailable)
Stlth   ++........               (no amulet)
HPRegen 0.33/turn                (no ring)
MPRegen 0.14/turn                (no ring)

@: tree-form, slowed, very slow
A: stationary, stasis, torment immunity, boosted hp
a: Renounce Religion, Minor Destruction


You were on level 8 of the Dungeon.
You worshipped Makhleb.
Makhleb was pleased with you.
You were a tree.
You visited 1 branch of the dungeon, and saw 8 of its levels.
You also visited: Sewer.

You collected 337 gold pieces.

Inventory:

Hand Weapons
 a - a +2 executioner's axe of freezing (weapon)
 b - a +3 sling of flaming
 v - a +2 whip of venom
Missiles
 c - 2 curare-tipped darts {=f=F}
 k - 91 stones
 H - 12 poisoned darts
Armour
 g - a +0 helmet (melded)
 i - a +0 buckler of poison resistance
 p - a +0 tower shield
 u - a +0 cloak (melded)
 B - a scarf of invisibility
 E - a +0 pair of gloves (melded)
 L - a +4 scale mail of fire resistance (melded)
Jewellery
 r - a ring of fire
 x - a ring of wizardry
 F - a +6 ring of intelligence
Wands
 h - a wand of mindburst (7)
 y - a wand of iceblast (7)
 I - a wand of acid (12)
Scrolls
 d - a scroll of silence
 f - a scroll of vulnerability
 s - 8 scrolls of teleportation {@r2}
 z - a scroll of poison
 C - 4 scrolls of blinking
 G - a scroll of fear
 J - 2 scrolls of identify {@r1}
Potions
 e - a potion of brilliance
 j - 4 potions of heal wounds {@q2}
 l - 2 potions of magic
 m - 4 potions of lignification
 n - 2 potions of cancellation
 o - 2 potions of invisibility
 q - 6 potions of curing {@q1}
 t - a potion of mutation {unknown}
 w - a potion of attraction {unknown}
 A - a potion of haste {unknown}
 K - a potion of ambrosia


   Skills:
 + Level 10.9 Fighting
 * Level 14.9 Axes
 - Level 2.0 Armour
 - Level 2.4 Dodging
 - Level 1.5 Stealth
 + Level 5.3 Invocations


You had 9 spell levels left.
You didn't know any spells.
Your spell library contained the following spells:

 Spells                   Type           Power      Damage    Failure   Level
 Necrotise                Necr           0%         1d4       36%         1
 Sublimation of Blood     Necr           0%         N/A       50%         2
 Conjure Flame            Conj/Fire      0%         6-21      75%         3
 Gell's Gravitas          Tloc           0%         N/A       75%         3
 Ignite Poison            Fire/Tmut/Pois 0%         N/A       75%         3
 Inner Flame              Hex/Fire       0%         N/A       75%         3
 Lesser Beckoning         Tloc           0%         N/A       75%         3
 Teleport Other           Tloc           0%         N/A       75%         3
 Vampiric Draining        Necr           0%         2d6       75%         3
 Fulminant Prism          Conj/Hex       0%         3d6       98%         4
 Iskenderun's Mystic Bla  Conj/Tloc      0%         2d3       98%         4
 Petrify                  Tmut/Erth      0%         N/A       98%         4
 Sticky Flame             Conj/Fire      0%         2d3       98%         4
 Summon Lightning Spire   Summ/Air       0%         N/A       98%         4
 Agony                    Necr           0%         N/A       100%        5
 Irradiate                Conj/Tmut      0%         3d11      100%        5
 Yara's Violent Unravell  Hex/Tmut       0%         3d3       100%        5
 Storm Form               Tmut/Air       0%         N/A       100%        7
 Maxwell's Capacitive Co  Air            0%         ∞         100%        8


Dungeon Overview and Level Annotations

Branches:
Dungeon (8/15)             Temple (0/1) D:7           Sewer (visited)
   Lair: D:8-11

Altars:
Ashenzari
Cheibriados
Dithmenos
Makhleb
Sif Muna
Uskayaw
Wu Jian
Yredelemnul

Shops:
D:6 =(

Annotations:
D:7 4 runed translucent doors


Message History

The kobold shouts!
The kobold hits you but does no damage.
You are electrocuted!
* * * LOW HITPOINT WARNING * * *
The kobold brigand hits you with a +0 dagger!
* * * LOW HITPOINT WARNING * * *
A kobold comes into view. It is wielding a +0 club.
HP: 26/94 (-25) ===--------- !!
You closely miss the kobold brigand. You slice the kobold!!
You freeze the kobold.
You kill the kobold!
Makhleb accepts your kill.
You feel better.
You feel sick.
The orc warrior hits you from afar with a +0 glaive!
* * * LOW HITPOINT WARNING * * *
The kobold brigand barely misses you.
The kobold brigand hits you but does no damage.
The orc warrior hits you from afar with a +0 glaive!!
* * * LOW HITPOINT WARNING * * *
HP: 1/94 (-25) ------------ !!
You feel much better.
You feel sick.
The orc warrior hits you from afar with a +0 glaive!
* * * LOW HITPOINT WARNING * * *
The kobold hits you but does no damage.
The kobold brigand hits you but does no damage.
Something hits you but does no damage.
Really quaff the potion of lignification?
You turn into a tree.
Your +0 cloak melds into your body.
Your +0 helmet melds into your body.
Your +0 pair of gloves melds into your body.
Your +4 scale mail of fire resistance melds into your body.
You feel less resistant to fire.
Your roots penetrate the ground.
You feel sick.
You are no longer poisoned.
The orc warrior hits you but does no damage.
The kobold hits you but does no damage.
The kobold brigand hits you but does no damage.
Something hits you but does no damage. x2
The kobold brigand hits you but does no damage.
The orc warrior hits you from afar with a +0 glaive!
You die...

...#####..
.........<#
.........# .
.........# _.
.......#
...###......##
......K##..).#
#...K{##...##
.##..KK♣.o....#
.>....K.......##
#.........)....#
...........>...#
..............##
..............#
.....[..####..###
........#####...#
.##.....##......##


You could see an orc warrior, a kobold brigand and 4 kobolds.

Vanquished Creatures
  Pikel (D:4)
  A cyclops (D:7)
  Joseph (D:7)
  The ghost of Pludal the Vexing, a novice SpEn of Dithmenos (D:6)
  Grinder (Sewer)
  A yak (D:7)
  A steam dragon (D:3)
  2 water moccasins
  An acid dragon (D:7)
  2 orc warriors (D:7)
  An ice beast (D:7)
  An ogre (D:5)
  2 centaurs
  3 phantoms
  2 lemures (D:4)
  2 kobold brigands
  A necrophage (D:5)
  4 scorpions
  2 bullfrogs (D:8)
  A wyvern zombie (D:6)
  A wight (Sewer)
  A killer bee (D:7)
  3 orc priests
  4 jellies
  4 hounds
  Crazy Yiuf (D:5)
  Jessica (D:2)
  4 iguanas
  3 orc wizards
  Natasha (thrice) (D:3)
  A howler monkey zombie (D:6)
  11 adders
  5 gnolls
  4 shadow imps
  3 white imps
  6 ufetubi
  3 worms
  3 dart slugs
  31 orcs
  5 ball pythons
  A bat zombie (Sewer)
  10 endoplasms
  3 giant cockroaches
  13 hobgoblins
  8 jackals
  7 quokkas
  9 bats
  A frilled lizard (D:3)
  14 goblins
  22 kobolds
  A kobold zombie (Sewer)
  4 rats
221 creatures vanquished.

Vanquished Creatures (others)
  3 plants (D:6)
3 creatures vanquished.

Grand Total: 224 creatures vanquished

Notes
Turn   | Place    | Note
-------+----------+-------------------------------------------
     0 | D:1      | CannotBeFrozen the Hill Orc Monk began the quest for the
                  | Orb.
     0 | D:1      | Reached XP level 1. HP: 19/19 MP: 1/1
   249 | D:1      | You fall into a shaft and drop 1 floor!
   338 | D:3      | Reached XP level 2. HP: 23/27 MP: 2/2
   487 | D:3      | Found a broken altar of Ashenzari.
   492 | D:3      | Saw a vision of the Shoals and the Spider Nest.
   492 | D:3      | Noticed a merfolk
   492 | D:3      | Noticed a merfolk siren
   492 | D:3      | Noticed a pharaoh ant
   492 | D:3      | Noticed a culicivora
   492 | D:3      | Noticed a merfolk
   492 | D:3      | Noticed a culicivora
   492 | D:3      | Noticed a redback
   492 | D:3      | Noticed a merfolk
   492 | D:3      | Noticed a merfolk
   492 | D:3      | Noticed a snapping turtle
   492 | D:3      | Noticed a manticore
   492 | D:3      | Noticed a wolf spider
   492 | D:3      | Noticed a sun moth
   492 | D:3      | Noticed a merfolk siren
   492 | D:3      | Noticed a demonic crawler
   493 | D:3      | Noticed an alligator snapping turtle
   493 | D:3      | Noticed a torpor snail
   493 | D:3      | Noticed a moth of wrath
   494 | D:3      | Noticed a sea snake
   494 | D:3      | Noticed a demonic crawler
   495 | D:3      | Noticed a meliai
   496 | D:3      | Noticed a culicivora
   496 | D:3      | Noticed Natasha
   496 | D:3      | Noticed a moth of wrath
   498 | D:3      | Noticed a redback
   499 | D:3      | Killed Natasha
   500 | D:3      | Reached skill level 1 in Armour
   500 | D:3      | Reached XP level 3. HP: 34/34 MP: 3/3
   518 | D:3      | Noticed Natasha
   525 | D:3      | Killed Natasha
   526 | D:3      | Reached skill level 5 in Axes
   526 | D:3      | Reached XP level 4. HP: 22/41 MP: 4/4
   541 | D:3      | Noticed Natasha
   543 | D:3      | Killed Natasha
   597 | D:3      | Noticed a steam dragon
   604 | D:3      | Killed a steam dragon
   605 | D:3      | Reached skill level 5 in Fighting
   605 | D:3      | Reached skill level 6 in Axes
   605 | D:3      | Reached XP level 5. HP: 39/50 MP: 5/5
   816 | D:2      | Reached XP level 6. HP: 56/57 MP: 6/6
   943 | D:1      | Found a faded altar of an unknown god.
  2093 | D:2      | Noticed Jessica
  2106 | D:2      | Killed Jessica
  2107 | D:2      | Reached skill level 7 in Axes
  2939 | D:4      | Identified a scroll of acquirement
  2939 | D:4      | Acquired a +0 executioner's axe of freezing
  3042 | D:4      | Reached XP level 7. HP: 54/64 MP: 7/7
  3065 | D:4      | Found a glowing drain.
  3078 | Sewer    | Entered a sewer
  3352 | Sewer    | Reached skill level 8 in Axes
  3520 | Sewer    | HP: 3/64 [poisoned by a kobold brigand (curare-tipped
                  | dart)]
  3894 | Sewer    | Found an ancient bone altar of Kikubaaqudgha.
  4030 | Sewer    | Noticed Grinder
  4068 | Sewer    | Killed Grinder
  4069 | Sewer    | Reached skill level 9 in Axes
  4069 | Sewer    | Reached XP level 8. HP: 25/74 MP: 8/8
  4802 | D:4      | Noticed Pikel
  4808 | D:4      | Killed Pikel
  4809 | D:4      | Reached skill level 10 in Axes
  4908 | D:4      | Reached skill level 11 in Axes
  5098 | D:4      | Found a shadowy altar of Dithmenos.
  5652 | D:5      | Entered Level 5 of the Dungeon
  6293 | D:5      | Reached XP level 9. HP: 83/83 MP: 9/9
  6413 | D:5      | Reached skill level 12 in Axes
  6556 | D:5      | Found a runed translucent door.
  6557 | D:5      | Noticed Crazy Yiuf
  6640 | D:5      | Found a hide-covered altar of Uskayaw.
  6791 | D:5      | Found an ornate altar of the Wu Jian Council.
  6923 | D:5      | Killed Crazy Yiuf
  7157 | D:6      | Got the Discourse on Warped Bewitchment
  7342 | D:6      | Found a runed translucent gate.
  7342 | D:6      | Found a runed translucent gate.
  7342 | D:6      | Found a runed translucent gate.
  7342 | D:6      | Noticed Pludal's ghost (novice SpEn)
  7344 | D:6      | Found a basalt altar of Yredelemnul.
  7586 | D:6      | Found Otismimn's Jewellery Shop.
  7764 | D:6      | Found a burning altar of Makhleb.
  7771 | D:6      | Became a worshipper of Makhleb the Destroyer
  7771 | D:6      | Reached * piety under Makhleb
  7771 | D:6      | Reached ** piety under Makhleb
  7926 | D:6      | Reached skill level 13 in Axes
  7982 | D:6      | Reached skill level 1 in Invocations
  8488 | D:6      | Found a shimmering blue altar of Sif Muna.
  8516 | D:6      | Found Waugry's Weapon Emporium.
  8762 | D:6      | Killed Pludal's ghost
  8763 | D:6      | Reached skill level 10 in Fighting
  8997 | D:7      | Noticed Joseph
  9008 | D:7      | Killed Joseph
  9316 | D:7      | Reached skill level 14 in Axes
  9316 | D:7      | Reached XP level 10. HP: 70/94 MP: 12/12
  9634 | D:7      | Found a staircase to the Ecumenical Temple.
  9838 | D:7      | Found a large runed translucent door.
  9838 | D:7      | Found a large runed translucent door.
  9842 | D:7      | Noticed a purple ugly thing
  9901 | D:7      | Noticed a cyclops
  9905 | D:7      | Killed a cyclops
 10053 | D:7      | Found a large runed translucent door.
 10053 | D:7      | Found a large runed translucent door.
 10084 | D:7      | Reached skill level 5 in Invocations
 10438 | D:8      | Found a snail-covered altar of Cheibriados.
 10439 | D:8      | HP: 1/94 [orc warrior/+0 glaive (18)]
 10441 | D:8      | Slain by an orc warrior

Illustrated notes

Levels and vault maps discovered:
D:1:      lemuel_arrival_tunnels, layout_basic, ebering_ecumenical_altar_hall
D:2:      layout_basic, kennysheep_jessica_study
D:3:      layout_basic, grunt_ashenzari_visionary
          [grunt_ashenzari_visionary_shoals, grunt_ashenzari_visionary_spider],
          uniq_natasha
D:4:      cheibrodos_greedy_goblins, layout_basic,
          mainiacjoe_overflow_concentric_impassable,
          cheibrodos_sewer_entry_sluice, moated_statue, st_stairs_10, uniq_pikel
D:5:      layout_loops_cross, nicolae_uskayaw_murder_on_the_dancefloor,
          nzn_wu_jian_council_hall, kennysheep_generic_room_3,
          uniq_crazy_yiuf_cottage
D:6:      layout_basic, nicolae_yredelemnul_ghost_church,
          makhleb_heckhound_becter, nicolae_sif_muna_little_library,
          serial_shops, shop, nicolae_shop_bloodbath_and_beyond,
          serial_bayou_pond_c
D:7:      layout_loops_ring, minmay_temple_entry_mini_moons,
          minmay_hollow_rounded_squares, uniq_joseph
D:8:      layout_rooms, cheibriados_altar_1, nicolae_overflow_hidden_temple,
          amcnicky_altar_gilded, uniq_grum

Skill      XL: |  1  2  3  4  5  6  7  8  9 10 |
---------------+-------------------------------+-----
Fighting       | 4 5 6 7 9 10 | 10.9
Armour         | 1 2 |  2.0
Axes           | 5 6 7 9 11 14 | 14.9
Invocations    | 3 5 |  5.3
Dodging        | |  2.4
Stealth        | |  1.5

Action                   |  1- 3 |  4- 6 |  7- 9 | 10-12 || total
-------------------------+-------+-------+-------+-------++-------
Melee: Hand axe          |    16 |    96 |       |       ||   112
       Executioner's axe |       |    18 |   291 |    71 ||   380
       Punch             |       |     1 |       |       ||     1
       Whip              |       |       |    39 |       ||    39
 Fire: Sling             |       |    55 |    44 |       ||    99
Throw: Stone             |       |     3 |     2 |       ||     5
Evoke: Wand              |     2 |     9 |     4 |       ||    15
  Use: Scroll            |       |     6 |    13 |     2 ||    21
       Potion            |       |       |     2 |     2 ||     4
 Stab: Sleeping          |     1 |       |       |       ||     1
Armor: Robe              |     1 |       |       |       ||     1
       Ring mail         |     1 |    14 |       |       ||    15
       Chain mail        |       |    53 |   129 |       ||   182
       Plate armour      |       |       |    75 |    30 ||   105
       Scale mail        |       |       |       |    20 ||    20
       Skin              |       |       |       |     6 ||     6
Dodge: Dodged            |     8 |    42 |   142 |    22 ||   214
Block: Buckler           |       |       |     3 |       ||     3

Table legend: (Time is in decaauts)
 A = Elapsed time spent in this place.
 B = Non-inter-level travel time spent in this place.
 C = Inter-level travel time spent in this place.
 D = Time resting spent in this place.
 E = Time spent auto-exploring this place.
 F = Levels seen in this place.
 G = Mean time per level.
                   A        B        C        D        E       F      G
               +--------+--------+--------+--------+--------+-----+--------+
         Total |  10674 |  10482 |    192 |   3186 |   5045 |   9 | 1186.0 |
       Dungeon |   9188 |   8996 |    192 |   2548 |   4672 |   8 | 1148.5 |
         Sewer |   1485 |   1485 |      0 |    638 |    372 |   1 | 1485.0 |
               +--------+--------+--------+--------+--------+-----+--------+

Top non-repeatable levels by time:
     D:6: 1704 daAuts
     D:7: 1599 daAuts
     D:5: 1491 daAuts
   Sewer: 1485 daAuts
     D:4: 1395 daAuts
     D:1: 1036 daAuts
     D:2: 961 daAuts
     D:3: 945 daAuts
     D:8: 55 daAuts
